AoeStats
← Carple

QS Arena

503607406Analyzed
1v1 RM · 1mo ago on Sep 1, 2026· 37m 5s· 2 players
Game mode
Random Map
Map size
Tiny (2 player)
Population
200
Speed
Normal
Resources
Standard
Victory
Conquest
Starting age
Dark Age
Ending age
Imperial Age
RankedLock teamsTeams togetherTeam positionsShared explorationLock speedFull tech treeHidden civsTurbo modeCheats
Victory
Defeat
🇸🇪 Malay · Sweden
1210
+15
🇨🇦 Teutons · Canada
1198
-15
Carple
8:07 Feudal Age
8:58 Double-Bit Axe
9:22 Horse Collar
14:49 Castle Age
15:16 Scale Mail Armor
15:30 Forging
19:23 Loom
25:39 Squires
28:08 Bow Saw
29:00 Heavy Plow
32:51 Imperial Age
31:42 Bloodlines
34:10 Wheelbarrow
33:22 Cavalier
34:11 Scale Barding Armor
Simooon7567
8:07 Feudal Age
6:54 Loom
7:55 Loom
12:29 Castle Age
11:05 Double-Bit Axe
11:40 Horse Collar
12:44 Town Watch
23:21 Bow Saw
29:38 Imperial Age
27:53 Fletching
28:29 Bodkin Arrow
29:03 Ballistics
29:28 Bracer
30:04 Crossbowman
30:46 Padded Archer Armor
32:16 Arbalester
33:02 Thumb Ring
33:42 Leather Archer Armor
36:40 Scale Barding Armor
36:46 Forging
37:06 Ring Archer Armor
38:10 Chemistry
Connection lost

Rejoining the realm…

Still unreachable

The connection could not be restored.

Session expired

The server has moved on; the page needs a fresh start.